 Dungeon Crawl Stone Soup version 0.30.1-6-gbe392663c4 (webtiles) character file.

Game seed: 11362764833624774255

157 boopmooplesden the Covered (level 5, -5/46 HPs)
             Began as a Minotaur Fighter on Sept 21, 2023.
             Slain by a gnoll
             ... wielding a +0 halberd
              (11 damage)
             ... on level 3 of the Dungeon.
             The game lasted 00:02:24 (1877 turns).

boopmooplesden the Covered (Minotaur Fighter)       Turns: 1877, Time: 00:02:24

Health: -5/46      AC:  9    Str: 22    XL:     5   Next: 15%
Magic:  4/4        EV:  8    Int:  5    God:
Gold:   129        SH:  4    Dex: 10    Spells: 4/4 levels left

rFire   . . .        a - +1 war axe
rCold   . . .        c - +0 buckler
rNeg    . . .        j - +0 chain mail
rPois   .            (helmet restricted)
rElec   .            (no cloak)
rCorr   .            (no gloves)
SInv    .            (no boots)
Will    .....        (no amulet) Stlth
                     (no ring)
HPRegen 0.27/turn    (no ring)
MPRegen 0.09/turn

%: no passive effects
@: hasted, very quick
A: horns 2, retaliatory headbutt
a: no special abilities


You were on level 3 of the Dungeon.
You visited 1 branch of the dungeon, and saw 3 of its levels.

You collected 129 gold pieces.

Inventory:

Hand Weapons
 a - a +1 war axe (weapon)
Armour
 c - a +0 buckler (worn)
 j - a +0 chain mail (worn)
Jewellery
 m - an amulet of faith
Wands
 k - a wand of roots (12)
Potions
 b - a potion of haste
 d - 2 potions of might
 g - a potion of lignification
 i - a potion of resistance


   Skills:
 + Level 4.1 Fighting
 + Level 4.4 Axes
 + Level 5.1 Armour
 + Level 1.1 Dodging
 + Level 4.1 Shields


You had 4 spell levels left.
You didn't know any spells.
Your spell library was empty.

Dungeon Overview and Level Annotations

Branches:
Dungeon (3/15)

Altars:


Innate Abilities, Weirdness & Mutations

You have a pair of horns on your head.
You reflexively headbutt those who attack you in melee.


Message History

A gnoll comes into view. It is wielding a +0 halberd.
The bat hits you but does no damage.
Items here: " $ ) ? [ †.
The gnoll shouts!
You slash the gnoll!
You headbutt the gnoll, but do no damage.
The gnoll is heavily wounded.
You barely miss the bat. The bat hits you but does no damage.
The gnoll hits you with a +0 flail.
You hit the gnoll.
The gnoll is almost dead.
You miss the bat. The bat closely misses you.
The gnoll hits you but does no damage. The gnoll barely misses you.
You closely miss the gnoll.
The gnoll is almost dead.
You hit the bat.
You kill the bat!
The gnoll hits you from afar with a +0 halberd.
The gnoll hits you with a +0 flail.
You slash the gnoll!
You kill the gnoll!
The gnoll barely misses you. You block the gnoll's attack.
Things that are here:
a +0 flail; a gnoll corpse You barely miss the gnoll.
The gnoll barely misses you. The gnoll hits you with a +0 halberd!
You closely miss the gnoll. The gnoll closely misses you.
You hit the gnoll but do no damage. The gnoll hits you with a +0 halberd!
* * * LOW HITPOINT WARNING * * *
You hit the gnoll.
The gnoll is moderately wounded.
The gnoll barely misses you.
You barely miss the gnoll. Your headbutt misses the gnoll.
The gnoll is moderately wounded.
The gnoll hits you with a +0 halberd.
* * * LOW HITPOINT WARNING * * *
The gnoll barely misses you.
You feel yourself speed up. The gnoll hits you with a +0 halberd!
You die...

#.. ..... #..
..... . #.. ##...
.. #.. #... .#
#..##..###.# #.
...#......#...
#.###.#........#
#...g@)......#
#.######...###.#
#..............#
#.####.†...#...#
### #..........#
.... ..#
#####.###..#.#.#.
... #.....#
#..#.#.## #.. #.
#.##### ####....
#.. #.) #.#
####.#'#####..


You could see a gnoll.

Vanquished Creatures
  Robin (D:2)
  2 gnolls (D:3)
  4 adders (D:2)
  3 worms (D:2)
  3 dart slugs
  5 orcs (D:3)
  2 ball pythons
  4 bats
  3 endoplasms
  A giant cockroach (D:1)
  13 goblins
  6 hobgoblins
  8 jackals (D:1)
  4 quokkas
  3 frilled lizards
  2 kobolds (D:1)
  3 rats (D:2)
67 creatures vanquished.

Notes
Turn   | Place    | Note
-------+----------+-------------------------------------------
     0 | D:1      | boopmooplesden the Minotaur Fighter began the quest for the
                  | Orb.
     0 | D:1      | Reached XP level 1. HP: 19/19 MP: 0/0
   163 | D:1      | Reached XP level 2. HP: 27/27 MP: 1/1
   188 | D:1      | Reached skill level 4 in Armour
   625 | D:1      | Reached XP level 3. HP: 31/33 MP: 2/2
   981 | D:2      | Reached skill level 1 in Dodging
  1223 | D:2      | Reached XP level 4. HP: 38/40 MP: 3/3
  1254 | D:2      | Noticed Robin
  1266 | D:2      | Killed Robin
  1838 | D:3      | Reached XP level 5. HP: 41/46 MP: 4/4
  1866 | D:3      | Reached skill level 5 in Armour
  1877 | D:3      | Slain by a gnoll

Illustrated notes

Levels and vault maps discovered:
D:1:      scummos_arrival_gate, layout_loops_ring, nrook_loot_triangle,
          roderic_lattice_a
D:2:      minmay_evil_eye, layout_loops_cross, uniq_robin
D:3:      layout_basic, grunt_temple_overflow_diamond, bh_walls_and_bars,
          uniq_terence, uniq_grinder

Skill      XL: |  1  2  3  4  5 |
---------------+----------------+-----
Armour         | 4 5 |  5.1
Shields        | 4 |  4.1
Axes           | 3 4 |  4.4
Fighting       | 4 |  4.1
Dodging        | 1 |  1.1

Action                     |  1- 3 |  4- 6 || total
---------------------------+-------+-------++-------
  Melee: War axe           |    93 |    57 ||   150
         Headbutt          |    12 |     6 ||    18
    Use: Scroll            |       |     6 ||     6
         Potion            |       |     1 ||     1
 Armour: Scale mail        |    37 |       ||    37
         Chain mail        |    19 |    27 ||    46
  Dodge: Dodged            |    44 |    23 ||    67
  Block: Buckler           |    19 |     5 ||    24
